[ AOE2 MATCH · #475922743 ]
UnrankedBengalis vs Britons
[ REPLAY ANALYSIS · EXTRACTED FROM THE RECORDED GAME ]
Feudal
10:08
Castle
13:57
Imperial
33:17
| APM avg | 57.8 |
| APM peak | 131 |
| eAPM avg | 31.5 |
| Villagers / military | 176 / 240 |
Focus
⚔️ 51.2% · 🌾 48.8%
Battle Elephant ×191 · Monk ×47 · Scout Cavalry ×2 · Trade Cart ×1
Feudal
10:15
Castle
15:55
Imperial
30:09
| APM avg | 52.7 |
| APM peak | 159 |
| eAPM avg | 35.0 |
| Villagers / military | 162 / 340 |
Focus
⚔️ 58.8% · 🌾 41.2%
Camel Scout ×248 · Hand Cannoneer ×90 · Monk ×2
Feudal
10:57
Castle
14:56
Imperial
35:29
| APM avg | 85.3 |
| APM peak | 165 |
| eAPM avg | 59.2 |
| Villagers / military | 132 / 107 |
Focus
⚔️ 67.1% · 🌾 32.9%
Archer ×94 · Trebuchet (Packed) ×5 · Mangonel ×3 · Spearman ×2 · Battering Ram ×2 · Monk ×1
Feudal
9:42
Castle
13:15
Imperial
33:01
| APM avg | 57.2 |
| APM peak | 103 |
| eAPM avg | 23.0 |
| Villagers / military | 139 / 158 |
Focus
⚔️ 37.7% · 🌾 62.3%
Archer ×143 · Unknown (1962) ×17 · Skirmisher ×8 · Unknown (1942) ×8 · Battering Ram ×6 · Petard ×1
Feudal
11:27
Castle
15:21
Imperial
27:22
| APM avg | 39.4 |
| APM peak | 79 |
| eAPM avg | 18.2 |
| Villagers / military | 166 / 351 |
Focus
⚔️ 30.8% · 🌾 69.2%
Knight ×135 · Spearman ×83 · Scout Cavalry ×66 · Boyar ×65 · Monk ×2
Feudal
11:22
Castle
15:14
Imperial
34:46
| APM avg | 42.6 |
| APM peak | 91 |
| eAPM avg | 18.2 |
| Villagers / military | 141 / 341 |
Focus
⚔️ 33.0% · 🌾 67.0%
Scout Cavalry ×200 · Camel Scout ×138 · Mangonel ×3
Feudal
10:06
Castle
13:37
Imperial
27:02
| APM avg | 44.8 |
| APM peak | 96 |
| eAPM avg | 24.8 |
| Villagers / military | 130 / 173 |
Focus
⚔️ 45.5% · 🌾 54.5%
Longbowman ×157 · Trebuchet (Packed) ×13 · Spearman ×3
Feudal
10:57
Castle
15:46
Imperial
29:16
| APM avg | 40.4 |
| APM peak | 97 |
| eAPM avg | 24.6 |
| Villagers / military | 182 / 213 |
Focus
⚔️ 40.7% · 🌾 59.3%
Scorpion ×180 · Battering Ram ×23 · Petard ×5 · Trebuchet (Packed) ×3 · Woad Raider ×2
Match map
Initial resources + every placement click. Lines = walls · curves = elevation contours. ◆ gold · ⬟ stone · ● berries · ✦ relic · ◌ wall gap
Your base· ✓ Closed at 13:57 · 0t walls · 3 gate(s)
[KKCK]Erdinger_CLs's base· ✓ Closed at 15:55 · 0t walls · 2 gate(s)
KH | BooMBastic_'s base· ✓ Closed at 14:56 · 0t walls · 3 gate(s)
Fluffy Dust's base· ✓ Closed at 13:15 · 0t walls · 2 gate(s)
EXILE | Geiselgg's base· ✓ Closed at 15:21 · 0t walls · 3 gate(s)
EXILE | Gutty's base· ✓ Closed at 15:14 · 0t walls · 2 gate(s)
Jill mento's base· ✓ Closed at 13:37 · 0t walls · 3 gate(s)
hK | Jorge's base· ✓ Closed at 15:46 · 0t walls · 2 gate(s)
Smoothed initial terrain · ◌ = detected wall gap · hover for details
Inputs per minute
— No[☠]Fate - - [KKCK]Erdinger_CLs
Build order — No[☠]Fate
First 150 of 685 actions detected
| 0:01 | Create | Villager (Male) |
| 0:01 | Create | Villager (Male) |
| 0:01 | Create | Villager (Male) |
| 0:02 | Build | House |
| 0:03 | Create | Villager (Male) |
| 0:04 | Build | House |
| 1:33 | Create | Villager (Male) |
| 1:34 | Create | Villager (Male) |
| 1:34 | Create | Villager (Male) |
| 1:48 | Build | Lumber Camp |
| 2:04 | Create | Villager (Male) |
| 2:04 | Create | Villager (Male) |
| 2:05 | Create | Villager (Male) |
| 2:05 | Create | Villager (Male) |
| 2:25 | Create | Villager (Male) |
| 2:25 | Create | Villager (Male) |
| 2:56 | Create | Villager (Male) |
| 2:56 | Create | Villager (Male) |
| 2:56 | Create | Villager (Male) |
| 2:57 | Create | Villager (Male) |
| 3:18 | Create | Villager (Male) |
| 3:19 | Create | Villager (Male) |
| 3:26 | Build | House |
| 3:56 | Build | House |
| 4:12 | Create | Villager (Male) |
| 4:13 | Create | Villager (Male) |
| 4:34 | Build | Mill |
| 4:56 | Create | Villager (Male) |
| 4:57 | Create | Villager (Male) |
| 4:57 | Create | Villager (Male) |
| 5:08 | Create | Villager (Male) |
| 5:08 | Create | Villager (Male) |
| 5:25 | Create | Villager (Male) |
| 5:25 | Create | Villager (Male) |
| 5:47 | Create | Villager (Male) |
| 6:01 | Create | Villager (Male) |
| 7:21 | Build | Mining Camp |
| 7:27 | Research | Feudal Age |
| 7:27 | Research | Feudal Age |
| 7:31 | Create | Villager (Male) |
| 7:55 | Research | Feudal Age |
| 7:55 | Research | Feudal Age |
| 8:20 | Build | House |
| 9:33 | Create | Villager (Male) |
| 9:33 | Create | Villager (Male) |
| 10:08 | Age | Feudal Age |
| 10:11 | Build | Market |
| 10:15 | Build | Blacksmith |
| 11:17 | Research | Castle Age |
| 11:17 | Research | Castle Age |
| 11:50 | Build | Farm |
| 11:51 | Research | Double-Bit Axe |
| 11:51 | Research | Double-Bit Axe |
| 12:17 | Build | House |
| 13:04 | Build | House |
| 13:14 | Build | Farm |
| 13:16 | Build | Farm |
| 13:42 | Create | Villager (Male) |
| 13:47 | Build | Farm |
| 13:57 | Age | Castle Age |
| 13:59 | Build | Monastery |
| 14:03 | Build | Monastery |
| 14:11 | Create | Villager (Male) |
| 14:18 | Build | Farm |
| 14:27 | Create | Villager (Male) |
| 14:50 | Create | Monk |
| 14:54 | Research | Sanctity |
| 14:55 | Research | Sanctity |
| 14:57 | Build | House |
| 15:06 | Create | Monk |
| 15:06 | Create | Monk |
| 15:12 | Create | Villager (Male) |
| 15:14 | Build | Farm |
| 15:14 | Create | Villager (Male) |
| 15:34 | Create | Monk |
| 15:34 | Create | Monk |
| 15:36 | Create | Villager (Male) |
| 15:44 | Build | Farm |
| 16:06 | Create | Monk |
| 16:06 | Create | Monk |
| 16:08 | Create | Villager (Male) |
| 16:10 | Create | Trade Cart |
| 16:42 | Research | Redemption |
| 16:42 | Research | Redemption |
| 16:47 | Create | Villager (Male) |
| 16:49 | Build | Farm |
| 16:51 | Build | Farm |
| 17:13 | Create | Monk |
| 17:13 | Create | Monk |
| 17:14 | Create | Villager (Male) |
| 17:17 | Build | Farm |
| 17:30 | Create | Villager (Male) |
| 17:34 | Build | Farm |
| 17:34 | Create | Villager (Male) |
| 17:41 | Build | Town Center |
| 17:45 | Create | Monk |
| 17:46 | Create | Villager (Male) |
| 17:52 | Build | House |
| 17:53 | Build | House |
| 18:21 | Create | Monk |
| 18:21 | Create | Monk |
| 18:27 | Create | Villager (Male) |
| 18:45 | Create | Monk |
| 18:45 | Create | Monk |
| 18:45 | Create | Monk |
| 18:45 | Create | Monk |
| 19:04 | Research | Gold Mining |
| 19:04 | Research | Gold Mining |
| 19:07 | Create | Monk |
| 19:07 | Create | Monk |
| 19:13 | Create | Villager (Male) |
| 19:14 | Create | Villager (Male) |
| 19:26 | Create | Villager (Male) |
| 19:27 | Build | Farm |
| 19:28 | Create | Monk |
| 19:29 | Create | Monk |
| 19:29 | Create | Monk |
| 19:29 | Create | Monk |
| 19:40 | Create | Villager (Male) |
| 19:40 | Create | Villager (Male) |
| 20:15 | Create | Monk |
| 20:15 | Create | Monk |
| 20:17 | Create | Villager (Male) |
| 20:19 | Build | Farm |
| 20:19 | Build | Farm |
| 20:19 | Build | Farm |
| 20:20 | Build | Farm |
| 20:20 | Build | Farm |
| 20:20 | Build | Farm |
| 20:35 | Create | Villager (Male) |
| 20:46 | Create | Monk |
| 20:46 | Create | Monk |
| 20:59 | Research | Gold Shaft Mining |
| 21:08 | Create | Villager (Male) |
| 21:09 | Create | Monk |
| 21:16 | Create | Villager (Male) |
| 21:17 | Create | Monk |
| 21:17 | Create | Monk |
| 21:20 | Build | Farm |
| 21:20 | Build | Farm |
| 21:20 | Build | Farm |
| 21:32 | Create | Villager (Male) |
| 21:43 | Create | Villager (Male) |
| 21:46 | Create | Villager (Male) |
| 21:46 | Create | Villager (Male) |
| 22:17 | Create | Monk |
| 22:28 | Create | Villager (Male) |
| 22:29 | Create | Monk |
| 22:29 | Create | Monk |
| 22:30 | Create | Villager (Male) |
Build order — [KKCK]Erdinger_CLs
First 150 of 703 actions detected
| 0:00 | Create | Villager (Male) |
| 0:00 | Create | Villager (Male) |
| 0:01 | Create | Villager (Male) |
| 0:01 | Create | Villager (Male) |
| 0:02 | Create | Villager (Male) |
| 0:03 | Build | House |
| 0:05 | Build | House |
| 1:02 | Create | Villager (Male) |
| 1:02 | Create | Villager (Male) |
| 1:47 | Build | Lumber Camp |
| 1:51 | Create | Villager (Male) |
| 1:52 | Create | Villager (Male) |
| 2:40 | Create | Villager (Male) |
| 2:40 | Create | Villager (Male) |
| 2:41 | Create | Villager (Male) |
| 2:51 | Create | Villager (Male) |
| 2:51 | Create | Villager (Male) |
| 2:55 | Build | House |
| 3:46 | Create | Villager (Male) |
| 3:47 | Create | Villager (Male) |
| 3:54 | Create | Villager (Male) |
| 3:54 | Create | Villager (Male) |
| 4:30 | Build | Mill |
| 4:36 | Create | Villager (Male) |
| 4:36 | Create | Villager (Male) |
| 4:47 | Create | Villager (Male) |
| 4:47 | Create | Villager (Male) |
| 4:57 | Build | House |
| 5:14 | Create | Villager (Male) |
| 5:14 | Create | Villager (Male) |
| 5:34 | Create | Villager (Male) |
| 5:46 | Build | Mining Camp |
| 6:38 | Create | Villager (Male) |
| 6:44 | Build | House |
| 6:45 | Build | House |
| 7:37 | Create | Villager (Male) |
| 7:57 | Research | Feudal Age |
| 7:57 | Research | Feudal Age |
| 8:21 | Create | Villager (Male) |
| 9:22 | Build | Farm |
| 9:24 | Build | Farm |
| 9:27 | Build | Farm |
| 9:42 | Build | Farm |
| 9:44 | Build | Farm |
| 10:15 | Age | Feudal Age |
| 10:21 | Build | Market |
| 10:35 | Build | Blacksmith |
| 10:37 | Create | Villager (Male) |
| 10:37 | Create | Villager (Male) |
| 11:14 | Build | House |
| 11:16 | Build | House |
| 11:21 | Create | Villager (Male) |
| 11:23 | Create | Villager (Male) |
| 11:37 | Build | Farm |
| 11:40 | Build | Farm |
| 12:14 | Create | Villager (Male) |
| 12:17 | Build | Farm |
| 12:47 | Create | Villager (Male) |
| 12:49 | Build | Farm |
| 12:52 | Build | Farm |
| 13:15 | Research | Castle Age |
| 13:15 | Research | Castle Age |
| 13:15 | Research | Castle Age |
| 13:42 | Research | Horse Collar |
| 13:53 | Research | Double-Bit Axe |
| 13:53 | Research | Double-Bit Axe |
| 14:51 | Research | Wheelbarrow |
| 15:13 | Create | Villager (Male) |
| 15:55 | Age | Castle Age |
| 15:56 | Build | Monastery |
| 16:01 | Build | Town Center |
| 16:03 | Create | Villager (Male) |
| 16:04 | Create | Villager (Male) |
| 16:15 | Research | Bow Saw |
| 16:20 | Build | House |
| 16:37 | Create | Monk |
| 16:46 | Create | Villager (Male) |
| 16:57 | Create | Villager (Male) |
| 16:58 | Create | Villager (Male) |
| 17:00 | Create | Villager (Male) |
| 17:15 | Create | Monk |
| 17:21 | Create | Villager (Male) |
| 17:31 | Research | Heavy Plow |
| 17:42 | Build | House |
| 17:43 | Build | House |
| 17:58 | Create | Villager (Male) |
| 17:59 | Create | Villager (Male) |
| 18:10 | Build | Farm |
| 18:11 | Build | Farm |
| 18:16 | Build | Farm |
| 18:19 | Build | Farm |
| 18:29 | Create | Villager (Male) |
| 18:30 | Create | Villager (Male) |
| 18:36 | Build | House |
| 18:43 | Create | Villager (Male) |
| 19:02 | Build | Town Center |
| 19:05 | Create | Villager (Male) |
| 19:12 | Create | Villager (Male) |
| 19:13 | Create | Villager (Male) |
| 19:22 | Create | Villager (Male) |
| 19:23 | Create | Villager (Male) |
| 19:34 | Build | House |
| 19:35 | Build | House |
| 19:36 | Build | House |
| 19:41 | Create | Villager (Male) |
| 19:49 | Create | Villager (Male) |
| 19:49 | Create | Villager (Male) |
| 19:51 | Build | Farm |
| 20:03 | Research | Hand Cart |
| 20:04 | Create | Villager (Male) |
| 20:18 | Create | Villager (Male) |
| 20:18 | Create | Villager (Male) |
| 20:19 | Create | Villager (Male) |
| 20:19 | Create | Villager (Male) |
| 20:19 | Create | Villager (Male) |
| 20:20 | Create | Villager (Male) |
| 20:29 | Create | Villager (Male) |
| 20:33 | Build | Farm |
| 20:52 | Create | Villager (Male) |
| 20:53 | Create | Villager (Male) |
| 20:53 | Create | Villager (Male) |
| 20:55 | Build | Farm |
| 21:04 | Build | House |
| 21:05 | Build | House |
| 21:06 | Build | House |
| 21:07 | Build | House |
| 21:08 | Build | House |
| 21:08 | Build | House |
| 21:16 | Build | Farm |
| 21:37 | Create | Villager (Male) |
| 21:38 | Create | Villager (Male) |
| 21:39 | Build | Farm |
| 21:40 | Create | Villager (Male) |
| 21:41 | Create | Villager (Male) |
| 21:43 | Build | Farm |
| 21:45 | Create | Villager (Male) |
| 21:45 | Create | Villager (Male) |
| 21:47 | Create | Villager (Male) |
| 21:53 | Create | Villager (Male) |
| 21:58 | Build | University |
| 22:26 | Create | Villager (Male) |
| 22:27 | Create | Villager (Male) |
| 22:29 | Build | Farm |
| 22:30 | Create | Villager (Male) |
| 22:32 | Build | Farm |
| 22:33 | Create | Villager (Male) |
| 22:34 | Create | Villager (Male) |
| 22:35 | Build | Farm |
| 22:36 | Build | Farm |
| 22:38 | Build | Farm |
Build order — KH | BooMBastic_
First 150 of 373 actions detected
| 0:01 | Create | Villager (Male) |
| 0:01 | Create | Villager (Male) |
| 0:03 | Build | House |
| 0:04 | Build | House |
| 0:10 | Create | Villager (Male) |
| 0:10 | Create | Villager (Male) |
| 1:05 | Build | Lumber Camp |
| 1:24 | Create | Villager (Male) |
| 1:56 | Create | Villager (Male) |
| 2:11 | Build | House |
| 2:12 | Build | House |
| 2:21 | Create | Villager (Male) |
| 2:21 | Create | Villager (Male) |
| 2:50 | Create | Villager (Male) |
| 2:57 | Build | House |
| 3:09 | Create | Villager (Male) |
| 3:35 | Create | Villager (Male) |
| 4:07 | Create | Villager (Male) |
| 4:07 | Create | Villager (Male) |
| 4:08 | Create | Villager (Male) |
| 4:31 | Create | Villager (Male) |
| 4:31 | Create | Villager (Male) |
| 4:57 | Create | Villager (Male) |
| 5:07 | Build | Mill |
| 5:10 | Create | Villager (Male) |
| 5:10 | Create | Villager (Male) |
| 5:46 | Create | Villager (Male) |
| 5:47 | Create | Villager (Male) |
| 6:10 | Build | Lumber Camp |
| 6:30 | Create | Villager (Male) |
| 6:55 | Create | Villager (Male) |
| 7:22 | Create | Villager (Male) |
| 7:24 | Build | Mining Camp |
| 7:38 | Build | Farm |
| 7:45 | Create | Villager (Male) |
| 7:48 | Build | Farm |
| 7:55 | Build | Farm |
| 8:15 | Create | Villager (Male) |
| 8:23 | Build | Farm |
| 8:31 | Research | Feudal Age |
| 8:31 | Research | Feudal Age |
| 8:48 | Build | Farm |
| 9:39 | Build | Farm |
| 10:45 | Build | Farm |
| 10:48 | Create | Villager (Male) |
| 10:57 | Age | Feudal Age |
| 10:59 | Build | Market |
| 11:02 | Build | Blacksmith |
| 11:12 | Create | Villager (Male) |
| 11:41 | Create | Villager (Male) |
| 12:16 | Research | Castle Age |
| 12:23 | Build | Barracks |
| 12:28 | Build | Barracks |
| 13:16 | Build | Archery Range |
| 13:24 | Build | House |
| 13:48 | Research | Double-Bit Axe |
| 13:49 | Research | Horse Collar |
| 13:49 | Research | Horse Collar |
| 13:58 | Create | Spearman |
| 14:54 | Create | Villager (Male) |
| 14:56 | Age | Castle Age |
| 14:58 | Create | Villager (Male) |
| 14:59 | Build | Town Center |
| 15:09 | Build | Monastery |
| 15:18 | Research | Bow Saw |
| 15:18 | Research | Bow Saw |
| 15:30 | Build | Farm |
| 15:42 | Create | Monk |
| 15:49 | Create | Spearman |
| 15:51 | Create | Villager (Male) |
| 15:52 | Build | Farm |
| 16:19 | Create | Villager (Male) |
| 16:23 | Build | Town Center |
| 16:38 | Create | Villager (Male) |
| 16:49 | Create | Villager (Male) |
| 16:55 | Create | Archer |
| 16:56 | Create | Archer |
| 17:01 | Build | Lumber Camp |
| 17:16 | Create | Villager (Male) |
| 17:34 | Research | Fletching |
| 17:35 | Research | Fletching |
| 17:38 | Build | Siege Workshop |
| 17:45 | Build | House |
| 17:52 | Build | House |
| 17:58 | Build | House |
| 18:00 | Create | Villager (Male) |
| 18:02 | Research | Loom |
| 18:02 | Research | Loom |
| 18:12 | Create | Mangonel |
| 18:12 | Create | Mangonel |
| 18:15 | Create | Villager (Male) |
| 18:19 | Research | Bodkin Arrow |
| 18:19 | Research | Bodkin Arrow |
| 19:30 | Create | Mangonel |
| 20:08 | Create | Villager (Male) |
| 20:25 | Build | Watch Tower |
| 21:00 | Create | Villager (Male) |
| 21:09 | Create | Villager (Male) |
| 21:27 | Create | Villager (Male) |
| 22:50 | Build | Mining Camp |
| 23:31 | Build | Farm |
| 23:55 | Create | Villager (Male) |
| 24:00 | Build | Town Center |
| 24:18 | Build | Mill |
| 24:19 | Build | Farm |
| 24:19 | Build | Farm |
| 24:19 | Build | Farm |
| 24:19 | Build | Farm |
| 24:20 | Build | Farm |
| 24:20 | Build | Farm |
| 24:20 | Build | Farm |
| 24:50 | Create | Villager (Male) |
| 24:55 | Create | Villager (Male) |
| 24:55 | Create | Villager (Male) |
| 24:59 | Build | Farm |
| 25:00 | Build | Farm |
| 25:01 | Build | Farm |
| 25:24 | Create | Villager (Male) |
| 25:31 | Create | Villager (Male) |
| 25:32 | Build | Farm |
| 25:42 | Build | Gate |
| 25:47 | Create | Villager (Male) |
| 26:00 | Create | Villager (Male) |
| 26:01 | Create | Villager (Male) |
| 26:11 | Build | Farm |
| 26:12 | Build | Farm |
| 26:15 | Build | Farm |
| 26:16 | Build | Farm |
| 26:17 | Create | Villager (Male) |
| 26:45 | Create | Villager (Male) |
| 26:50 | Build | Farm |
| 27:01 | Create | Villager (Male) |
| 27:10 | Create | Villager (Male) |
| 27:12 | Create | Villager (Male) |
| 27:13 | Create | Villager (Male) |
| 27:14 | Create | Villager (Male) |
| 27:17 | Create | Villager (Male) |
| 27:48 | Create | Villager (Male) |
| 28:07 | Build | House |
| 28:09 | Build | House |
| 28:10 | Build | House |
| 28:23 | Create | Villager (Male) |
| 28:26 | Create | Villager (Male) |
| 28:47 | Create | Villager (Male) |
| 28:48 | Create | Villager (Male) |
| 28:53 | Create | Villager (Male) |
| 28:54 | Create | Villager (Male) |
| 28:56 | Create | Villager (Male) |
| 29:03 | Build | Archery Range |
| 29:20 | Build | House |
Build order — Fluffy Dust
First 150 of 372 actions detected
| 0:00 | Create | Villager (Male) |
| 0:00 | Create | Villager (Male) |
| 0:00 | Create | Villager (Male) |
| 0:02 | Build | House |
| 0:03 | Build | House |
| 0:40 | Create | Villager (Male) |
| 1:25 | Create | Villager (Male) |
| 1:46 | Build | Lumber Camp |
| 2:01 | Create | Villager (Male) ×2 |
| 2:23 | Create | Villager (Male) |
| 2:49 | Create | Villager (Male) |
| 3:05 | Build | House |
| 3:47 | Create | Villager (Male) ×2 |
| 4:04 | Create | Villager (Male) ×2 |
| 4:07 | Build | Mill |
| 5:00 | Build | House |
| 5:14 | Create | Villager (Male) |
| 5:45 | Create | Villager (Male) |
| 5:59 | Create | Villager (Male) |
| 5:59 | Create | Villager (Male) |
| 7:04 | Create | Villager (Male) |
| 7:31 | Research | Feudal Age |
| 8:35 | Create | Villager (Male) |
| 8:35 | Create | Villager (Male) |
| 9:42 | Age | Feudal Age |
| 9:45 | Build | Market |
| 9:48 | Build | Blacksmith |
| 10:21 | Research | Double-Bit Axe |
| 10:35 | Research | Castle Age |
| 10:54 | Research | Horse Collar |
| 11:17 | Build | Farm |
| 11:21 | Build | Farm |
| 11:26 | Build | House |
| 11:44 | Build | Farm |
| 11:48 | Build | Farm |
| 12:11 | Build | Mining Camp |
| 12:35 | Build | Farm |
| 12:52 | Create | Villager (Male) |
| 13:02 | Build | House |
| 13:15 | Age | Castle Age |
| 13:18 | Build | Siege Workshop |
| 13:24 | Create | Villager (Male) |
| 13:55 | Build | House |
| 14:00 | Create | Villager (Male) |
| 14:02 | Create | Unit 1962 |
| 14:06 | Create | Battering Ram |
| 14:20 | Build | Farm |
| 14:31 | Create | Villager (Male) |
| 14:48 | Create | Unit 1962 |
| 14:51 | Build | House |
| 14:53 | Create | Villager (Male) |
| 15:17 | Create | Battering Ram |
| 15:30 | Create | Villager (Male) |
| 15:31 | Create | Villager (Male) |
| 15:39 | Build | Farm |
| 15:40 | Build | Farm |
| 15:48 | Build | Farm |
| 15:52 | Create | Unit 1962 |
| 15:55 | Build | House |
| 16:20 | Create | Villager (Male) |
| 16:23 | Build | Farm |
| 16:26 | Build | Farm |
| 16:32 | Create | Unit 1962 |
| 16:49 | Create | Unit 1962 |
| 16:50 | Create | Villager (Male) |
| 17:25 | Create | Villager (Male) |
| 17:40 | Build | Town Center |
| 17:45 | Create | Unit 1962 |
| 17:48 | Create | Villager (Male) |
| 17:56 | Build | House |
| 17:57 | Build | House |
| 18:32 | Create | Villager (Male) |
| 18:33 | Create | Unit 1962 |
| 18:33 | Create | Unit 1962 |
| 18:52 | Create | Villager (Male) |
| 18:52 | Create | Villager (Male) |
| 19:07 | Create | Unit 1962 |
| 19:28 | Create | Unit 1962 |
| 19:51 | Create | Villager (Male) |
| 19:51 | Create | Villager (Male) |
| 20:10 | Create | Villager (Male) |
| 20:11 | Build | Farm |
| 20:11 | Build | Farm |
| 20:12 | Build | Farm |
| 20:12 | Build | Farm |
| 20:12 | Build | Farm |
| 20:12 | Build | Farm |
| 20:26 | Create | Battering Ram |
| 20:34 | Create | Villager (Male) |
| 20:57 | Create | Unit 1962 |
| 20:57 | Create | Unit 1962 |
| 21:28 | Create | Villager (Male) |
| 21:32 | Build | Mill |
| 21:32 | Build | Farm |
| 21:32 | Build | Farm |
| 21:32 | Build | Farm |
| 21:33 | Build | Farm |
| 21:33 | Build | Farm |
| 21:33 | Build | Farm |
| 22:16 | Create | Battering Ram |
| 22:50 | Create | Villager (Male) |
| 22:50 | Create | Villager (Male) |
| 22:52 | Create | Battering Ram |
| 22:52 | Create | Battering Ram |
| 23:03 | Create | Villager (Male) |
| 23:08 | Create | Villager (Male) |
| 23:10 | Research | Loom |
| 23:11 | Research | Wheelbarrow |
| 23:24 | Create | Villager (Male) |
| 23:28 | Build | Lumber Camp |
| 23:35 | Create | Villager (Male) |
| 23:36 | Create | Villager (Male) |
| 23:36 | Create | Villager (Male) |
| 23:41 | Create | Unit 1962 |
| 24:00 | Create | Villager (Male) |
| 24:11 | Create | Villager (Male) |
| 24:11 | Create | Villager (Male) |
| 24:14 | Build | Mill |
| 24:14 | Build | Farm |
| 24:14 | Build | Farm |
| 24:14 | Build | Farm |
| 24:15 | Build | Farm |
| 24:15 | Build | Farm |
| 24:15 | Build | Farm |
| 24:22 | Create | Villager (Male) |
| 24:23 | Create | Villager (Male) |
| 24:50 | Create | Villager (Male) |
| 24:51 | Create | Villager (Male) |
| 24:52 | Build | Farm |
| 24:52 | Build | Farm |
| 24:55 | Research | Gold Mining |
| 25:02 | Create | Villager (Male) |
| 25:32 | Create | Unit 1962 |
| 25:32 | Create | Unit 1962 |
| 25:33 | Create | Villager (Male) |
| 25:49 | Build | House |
| 25:52 | Build | House |
| 25:55 | Build | House |
| 25:55 | Build | House |
| 25:56 | Build | House |
| 25:56 | Build | House |
| 25:56 | Build | House |
| 26:23 | Build | Palisade Gate |
| 26:52 | Create | Villager (Male) |
| 26:53 | Create | Villager (Male) |
| 27:08 | Build | Palisade Gate |
| 27:17 | Create | Villager (Male) |
| 27:20 | Create | Villager (Male) |
| 27:20 | Create | Villager (Male) |
| 27:22 | Build | Mining Camp |
Build order — EXILE | Geiselgg
First 150 of 457 actions detected
| 0:04 | Create | Villager (Male) |
| 0:04 | Create | Villager (Male) |
| 0:05 | Create | Villager (Male) |
| 0:06 | Build | House |
| 0:08 | Build | House |
| 0:13 | Create | Villager (Male) |
| 0:14 | Create | Villager (Male) |
| 1:27 | Create | Villager (Male) |
| 1:57 | Create | Villager (Male) |
| 1:57 | Create | Villager (Male) |
| 2:23 | Create | Villager (Male) |
| 2:24 | Create | Villager (Male) |
| 2:51 | Create | Villager (Male) |
| 3:25 | Create | Villager (Male) |
| 3:25 | Create | Villager (Male) |
| 3:34 | Create | Villager (Male) |
| 3:48 | Create | Villager (Male) |
| 3:48 | Create | Villager (Male) |
| 4:21 | Build | House |
| 4:26 | Build | Lumber Camp |
| 4:44 | Create | Villager (Male) |
| 4:44 | Create | Villager (Male) |
| 4:44 | Create | Villager (Male) |
| 4:50 | Build | House |
| 4:52 | Build | House |
| 4:56 | Build | Mill |
| 5:04 | Create | Villager (Male) |
| 5:05 | Create | Villager (Male) |
| 5:39 | Create | Villager (Male) |
| 5:41 | Create | Villager (Male) |
| 5:52 | Create | Villager (Male) |
| 6:23 | Create | Villager (Male) |
| 6:46 | Build | Farm |
| 6:57 | Build | Farm |
| 7:10 | Create | Villager (Male) |
| 7:45 | Create | Villager (Male) |
| 7:50 | Build | Farm |
| 8:22 | Create | Villager (Male) |
| 8:30 | Build | Mining Camp |
| 8:55 | Build | Farm |
| 9:17 | Research | Feudal Age |
| 9:22 | Build | Farm |
| 9:32 | Create | Villager (Male) |
| 9:32 | Create | Villager (Male) |
| 9:49 | Build | Farm |
| 11:27 | Age | Feudal Age |
| 11:38 | Build | Market |
| 11:42 | Build | Blacksmith |
| 12:41 | Research | Castle Age |
| 12:49 | Research | Double-Bit Axe |
| 13:14 | Research | Horse Collar |
| 14:22 | Research | Loom |
| 14:23 | Create | Villager (Male) |
| 14:23 | Create | Villager (Male) |
| 15:21 | Age | Castle Age |
| 15:24 | Build | Town Center |
| 15:29 | Build | Town Center |
| 15:37 | Create | Villager (Male) |
| 15:37 | Create | Villager (Male) |
| 15:56 | Create | Villager (Male) |
| 16:13 | Create | Villager (Male) |
| 16:13 | Create | Villager (Male) |
| 16:24 | Build | House |
| 16:40 | Create | Villager (Male) |
| 16:40 | Create | Villager (Male) |
| 16:41 | Create | Villager (Male) |
| 16:48 | Create | Villager (Male) |
| 16:49 | Create | Villager (Male) |
| 16:53 | Create | Villager (Male) |
| 16:53 | Create | Villager (Male) |
| 17:06 | Research | Wheelbarrow |
| 17:11 | Build | House |
| 17:15 | Build | Monastery |
| 17:30 | Build | Farm |
| 17:32 | Create | Villager (Male) |
| 17:36 | Build | Farm |
| 17:37 | Create | Villager (Male) |
| 17:43 | Build | House |
| 17:58 | Build | Farm |
| 17:59 | Create | Villager (Male) |
| 18:11 | Build | Farm |
| 18:11 | Build | Farm |
| 18:11 | Build | Farm |
| 18:14 | Create | Villager (Male) |
| 18:18 | Build | House |
| 18:19 | Create | Monk |
| 18:25 | Build | Farm |
| 18:26 | Create | Villager (Male) |
| 18:29 | Build | Farm |
| 18:34 | Build | Farm |
| 18:54 | Create | Villager (Male) |
| 18:59 | Build | Farm |
| 19:05 | Build | House |
| 19:07 | Build | Farm |
| 19:12 | Create | Villager (Male) |
| 19:12 | Create | Villager (Male) |
| 19:17 | Create | Villager (Male) |
| 19:19 | Create | Monk |
| 19:29 | Build | Farm |
| 19:29 | Build | Farm |
| 19:30 | Build | Farm |
| 19:30 | Build | Farm |
| 19:30 | Build | Farm |
| 19:37 | Create | Villager (Male) |
| 19:37 | Create | Villager (Male) |
| 19:47 | Create | Villager (Male) |
| 19:47 | Create | Villager (Male) |
| 19:48 | Build | House |
| 19:56 | Create | Villager (Male) |
| 19:56 | Create | Villager (Male) |
| 20:05 | Create | Villager (Male) |
| 20:05 | Create | Villager (Male) |
| 20:11 | Build | Farm |
| 20:11 | Build | Farm |
| 20:11 | Build | Farm |
| 20:12 | Build | Farm |
| 20:12 | Build | Farm |
| 20:12 | Build | Farm |
| 20:15 | Create | Villager (Male) |
| 20:26 | Create | Villager (Male) |
| 20:26 | Create | Villager (Male) |
| 20:28 | Create | Villager (Male) |
| 20:28 | Create | Villager (Male) |
| 20:34 | Build | Farm |
| 20:39 | Create | Villager (Male) |
| 20:39 | Create | Villager (Male) |
| 20:42 | Build | Mining Camp |
| 20:53 | Create | Villager (Male) |
| 20:53 | Create | Villager (Male) |
| 20:59 | Build | Farm |
| 21:00 | Build | Farm |
| 21:00 | Build | Farm |
| 21:00 | Build | Farm |
| 21:00 | Build | Farm |
| 21:01 | Build | Farm |
| 21:03 | Create | Villager (Male) |
| 21:03 | Create | Villager (Male) |
| 21:20 | Create | Villager (Male) |
| 21:20 | Create | Villager (Male) |
| 21:36 | Create | Villager (Male) |
| 21:36 | Create | Villager (Male) |
| 21:36 | Create | Villager (Male) |
| 21:44 | Build | Farm |
| 21:44 | Build | Farm |
| 21:45 | Build | Farm |
| 21:45 | Build | Farm |
| 21:45 | Build | Farm |
| 21:45 | Build | Farm |
| 21:46 | Build | Farm |
| 21:48 | Create | Villager (Male) |
Build order — EXILE | Gutty
First 150 of 458 actions detected
| 0:01 | Create | Villager (Male) |
| 0:02 | Create | Villager (Male) |
| 0:02 | Create | Villager (Male) |
| 0:02 | Create | Villager (Male) |
| 0:04 | Build | House |
| 0:06 | Build | House |
| 1:16 | Create | Villager (Male) |
| 1:39 | Create | Villager (Male) |
| 1:39 | Create | Villager (Male) |
| 1:54 | Build | Lumber Camp |
| 2:08 | Create | Villager (Male) |
| 2:20 | Create | Villager (Male) |
| 2:55 | Create | Villager (Male) |
| 2:56 | Create | Villager (Male) |
| 3:20 | Create | Villager (Male) |
| 3:27 | Build | House |
| 3:28 | Build | House |
| 3:50 | Create | Villager (Male) |
| 4:11 | Create | Villager (Male) |
| 4:11 | Create | Villager (Male) |
| 4:16 | Build | Mill |
| 4:47 | Create | Villager (Male) |
| 4:47 | Create | Villager (Male) |
| 5:09 | Create | Villager (Male) |
| 5:10 | Create | Villager (Male) |
| 5:10 | Create | Villager (Male) |
| 5:30 | Create | Villager (Male) |
| 6:22 | Create | Villager (Male) |
| 6:23 | Create | Villager (Male) |
| 6:23 | Create | Villager (Male) |
| 6:38 | Create | Villager (Male) |
| 6:39 | Create | Villager (Male) |
| 6:39 | Create | Villager (Male) |
| 6:47 | Create | Villager (Male) |
| 6:57 | Build | House |
| 7:21 | Build | Farm |
| 7:33 | Build | Farm |
| 7:39 | Build | Mining Camp |
| 8:23 | Build | Farm |
| 9:12 | Research | Feudal Age |
| 10:26 | Create | Villager (Male) |
| 10:27 | Create | Villager (Male) |
| 11:22 | Age | Feudal Age |
| 11:31 | Build | Market |
| 11:38 | Build | Blacksmith |
| 12:34 | Research | Castle Age |
| 13:00 | Build | House |
| 13:02 | Build | House |
| 13:17 | Build | Lumber Camp |
| 13:21 | Build | Farm |
| 13:40 | Research | Double-Bit Axe |
| 13:46 | Research | Horse Collar |
| 13:56 | Build | Farm |
| 14:20 | Build | House |
| 14:22 | Build | House |
| 14:24 | Build | House |
| 15:08 | Create | Villager (Male) |
| 15:08 | Create | Villager (Male) |
| 15:14 | Age | Castle Age |
| 15:17 | Research | Bow Saw |
| 15:31 | Build | Town Center |
| 15:53 | Build | Barracks |
| 15:57 | Create | Villager (Male) |
| 16:05 | Build | Town Center |
| 16:16 | Create | Villager (Male) |
| 16:28 | Build | Farm |
| 16:41 | Create | Villager (Male) |
| 16:43 | Create | Villager (Male) |
| 16:44 | Create | Villager (Male) |
| 16:50 | Build | House |
| 16:57 | Build | Farm |
| 17:07 | Build | Farm |
| 17:13 | Create | Villager (Male) |
| 17:14 | Create | Villager (Male) |
| 17:18 | Build | Farm |
| 17:27 | Create | Villager (Male) |
| 17:27 | Create | Villager (Male) |
| 17:28 | Build | House |
| 17:37 | Build | Farm |
| 17:42 | Build | House |
| 17:44 | Create | Villager (Male) |
| 17:44 | Create | Villager (Male) |
| 17:50 | Create | Villager (Male) |
| 17:51 | Create | Villager (Male) |
| 17:51 | Create | Villager (Male) |
| 17:52 | Create | Villager (Male) |
| 17:52 | Create | Villager (Male) |
| 17:52 | Create | Villager (Male) |
| 17:54 | Build | Farm |
| 17:58 | Build | Farm |
| 18:04 | Create | Villager (Male) |
| 18:04 | Create | Villager (Male) |
| 18:04 | Create | Villager (Male) |
| 18:10 | Build | House |
| 18:11 | Build | House |
| 18:12 | Build | House |
| 18:19 | Create | Villager (Male) |
| 18:24 | Build | Farm |
| 18:28 | Build | Farm |
| 18:31 | Build | Farm |
| 18:33 | Create | Villager (Male) |
| 18:39 | Build | Farm |
| 18:54 | Build | Stable |
| 19:03 | Build | Stable |
| 19:09 | Create | Villager (Male) |
| 19:09 | Create | Villager (Male) |
| 19:10 | Create | Villager (Male) |
| 19:33 | Build | Stable |
| 19:53 | Create | Villager (Male) |
| 19:53 | Create | Villager (Male) |
| 19:55 | Build | House |
| 19:59 | Build | Stable |
| 20:03 | Create | Villager (Male) |
| 20:03 | Create | Villager (Male) |
| 20:16 | Research | Scale Barding Armor |
| 20:27 | Build | Farm |
| 20:28 | Build | Farm |
| 20:31 | Build | Farm |
| 20:36 | Research | Light Cavalry (upgrade) |
| 20:52 | Build | Siege Workshop |
| 20:54 | Create | Villager (Male) |
| 20:55 | Create | Villager (Male) |
| 20:58 | Create | Villager (Male) |
| 20:58 | Create | Villager (Male) |
| 21:19 | Create | Scout Cavalry ×5 |
| 21:33 | Research | Loom |
| 21:35 | Create | Villager (Male) |
| 21:35 | Create | Villager (Male) |
| 21:42 | Build | Mill |
| 21:44 | Build | Farm |
| 21:44 | Build | Farm |
| 21:44 | Build | Farm |
| 21:45 | Build | Farm |
| 21:45 | Build | Farm |
| 21:45 | Build | Farm |
| 21:45 | Build | Farm |
| 21:49 | Create | Scout Cavalry |
| 22:00 | Create | Mangonel |
| 22:00 | Create | Mangonel |
| 22:03 | Build | House |
| 22:03 | Build | House |
| 22:08 | Create | Scout Cavalry |
| 22:10 | Create | Scout Cavalry |
| 22:20 | Create | Villager (Male) |
| 22:20 | Create | Villager (Male) |
| 22:35 | Create | Mangonel |
| 22:37 | Create | Scout Cavalry |
| 22:37 | Create | Scout Cavalry |
| 22:43 | Create | Villager (Male) |
| 22:43 | Create | Villager (Male) |
Build order — Jill mento
First 150 of 465 actions detected
| 0:00 | Create | Villager (Male) |
| 0:01 | Create | Villager (Male) |
| 0:02 | Build | House |
| 0:03 | Build | House |
| 0:08 | Create | Villager (Male) |
| 0:08 | Create | Villager (Male) |
| 0:09 | Create | Villager (Male) |
| 1:17 | Create | Villager (Male) |
| 1:18 | Create | Villager (Male) |
| 1:44 | Build | Lumber Camp |
| 1:45 | Create | Villager (Male) |
| 1:57 | Create | Villager (Male) |
| 1:57 | Create | Villager (Male) |
| 2:31 | Create | Villager (Male) |
| 3:13 | Create | Villager (Male) |
| 3:13 | Create | Villager (Male) |
| 3:35 | Build | House |
| 3:36 | Build | House |
| 4:04 | Create | Villager (Male) |
| 4:04 | Create | Villager (Male) |
| 4:05 | Create | Villager (Male) |
| 4:25 | Build | Mill |
| 4:28 | Create | Villager (Male) |
| 4:41 | Build | House |
| 5:21 | Create | Villager (Male) |
| 5:25 | Create | Villager (Male) |
| 5:53 | Create | Villager (Male) |
| 6:00 | Create | Villager (Male) |
| 6:00 | Create | Villager (Male) |
| 6:15 | Create | Villager (Male) |
| 6:15 | Create | Villager (Male) |
| 6:27 | Create | Villager (Male) |
| 6:27 | Create | Villager (Male) |
| 6:45 | Create | Villager (Male) |
| 6:56 | Create | Villager (Male) |
| 6:56 | Create | Villager (Male) |
| 7:22 | Create | Villager (Male) |
| 7:33 | Build | Mining Camp |
| 7:42 | Research | Feudal Age |
| 8:11 | Build | Farm |
| 9:44 | Create | Villager (Male) |
| 10:06 | Age | Feudal Age |
| 10:09 | Build | Market |
| 10:10 | Build | Blacksmith |
| 10:20 | Create | Villager (Male) |
| 10:57 | Research | Castle Age |
| 10:58 | Research | Castle Age |
| 11:04 | Create | Villager (Male) |
| 11:05 | Create | Villager (Male) |
| 11:09 | Build | Mining Camp |
| 11:31 | Research | Double-Bit Axe |
| 11:31 | Research | Double-Bit Axe |
| 12:43 | Build | Farm |
| 12:46 | Build | Farm |
| 12:51 | Build | Farm |
| 13:12 | Create | Villager (Male) |
| 13:12 | Create | Villager (Male) |
| 13:37 | Age | Castle Age |
| 13:38 | Research | Bow Saw |
| 13:38 | Research | Bow Saw |
| 13:43 | Build | Town Center |
| 14:00 | Create | Villager (Male) |
| 14:00 | Create | Villager (Male) |
| 14:09 | Build | Farm |
| 14:32 | Create | Villager (Male) |
| 14:32 | Create | Villager (Male) |
| 14:38 | Build | Farm |
| 14:53 | Create | Villager (Male) |
| 14:55 | Create | Villager (Male) |
| 14:55 | Create | Villager (Male) |
| 15:04 | Create | Villager (Male) |
| 15:04 | Create | Villager (Male) |
| 15:09 | Create | Villager (Male) |
| 15:09 | Create | Villager (Male) |
| 15:10 | Build | Farm |
| 15:12 | Build | Farm |
| 15:26 | Build | Farm |
| 15:27 | Create | Villager (Male) |
| 15:53 | Build | Castle |
| 15:56 | Create | Villager (Male) |
| 15:56 | Create | Villager (Male) |
| 15:59 | Build | Farm |
| 16:12 | Create | Villager (Male) |
| 16:12 | Create | Villager (Male) |
| 16:18 | Build | Farm |
| 16:20 | Build | Farm |
| 16:22 | Create | Villager (Male) |
| 16:22 | Create | Villager (Male) |
| 16:32 | Build | House |
| 16:37 | Create | Villager (Male) |
| 16:37 | Create | Villager (Male) |
| 16:41 | Build | House |
| 16:50 | Build | Farm |
| 16:54 | Build | Farm |
| 16:54 | Create | Villager (Male) |
| 16:54 | Create | Villager (Male) |
| 17:00 | Create | Villager (Male) |
| 17:04 | Create | Villager (Male) |
| 17:09 | Build | Farm |
| 17:14 | Build | Farm |
| 17:16 | Create | Villager (Male) |
| 17:24 | Create | Villager (Male) |
| 17:27 | Build | Farm |
| 17:39 | Research | Wheelbarrow |
| 17:39 | Research | Wheelbarrow |
| 17:46 | Build | Farm |
| 17:49 | Create | Villager (Male) |
| 17:50 | Create | Villager (Male) |
| 18:07 | Build | Town Center |
| 18:12 | Create | Villager (Male) |
| 18:12 | Create | Villager (Male) |
| 18:27 | Create | Villager (Male) |
| 18:27 | Create | Villager (Male) |
| 18:35 | Build | House |
| 18:38 | Create | Villager (Male) |
| 18:39 | Create | Villager (Male) |
| 18:42 | Build | House |
| 18:44 | Create | Villager (Male) |
| 18:45 | Create | Villager (Male) |
| 18:50 | Build | House |
| 18:51 | Build | House |
| 19:07 | Research | Gold Mining |
| 19:18 | Create | Villager (Male) |
| 19:19 | Create | Longbowman |
| 19:23 | Build | House |
| 19:24 | Create | Villager (Male) |
| 19:29 | Create | Villager (Male) |
| 19:29 | Create | Villager (Male) |
| 19:33 | Build | Farm |
| 19:33 | Build | Farm |
| 19:33 | Build | Farm |
| 19:34 | Build | Farm |
| 19:34 | Build | Farm |
| 19:39 | Create | Villager (Male) |
| 19:41 | Build | House |
| 19:49 | Research | Stone Mining |
| 19:50 | Create | Villager (Male) |
| 19:51 | Create | Villager (Male) |
| 19:55 | Create | Villager (Male) |
| 19:55 | Create | Villager (Male) |
| 19:57 | Build | Farm |
| 20:00 | Build | Farm |
| 20:12 | Create | Villager (Male) |
| 20:12 | Create | Villager (Male) |
| 20:24 | Create | Villager (Male) |
| 20:25 | Create | Villager (Male) |
| 20:33 | Create | Villager (Male) |
| 20:33 | Create | Villager (Male) |
| 20:37 | Create | Villager (Male) |
| 20:38 | Create | Villager (Male) |
Build order — hK | Jorge
First 150 of 495 actions detected
| 0:02 | Create | Villager (Male) |
| 0:02 | Create | Villager (Male) |
| 0:02 | Create | Villager (Male) |
| 0:05 | Build | House |
| 0:06 | Build | House |
| 0:10 | Create | Villager (Male) |
| 0:10 | Create | Villager (Male) |
| 1:34 | Create | Villager (Male) |
| 1:35 | Create | Villager (Male) |
| 1:53 | Build | Lumber Camp |
| 1:58 | Create | Villager (Male) |
| 1:58 | Create | Villager (Male) |
| 2:17 | Create | Villager (Male) |
| 2:17 | Create | Villager (Male) |
| 2:17 | Create | Villager (Male) |
| 2:49 | Create | Villager (Male) |
| 2:49 | Create | Villager (Male) |
| 3:14 | Create | Villager (Male) |
| 3:15 | Create | Villager (Male) |
| 3:21 | Build | House |
| 3:25 | Build | House |
| 3:34 | Create | Villager (Male) |
| 3:34 | Create | Villager (Male) |
| 3:58 | Create | Villager (Male) |
| 3:58 | Create | Villager (Male) |
| 3:59 | Create | Villager (Male) |
| 4:17 | Create | Villager (Male) |
| 4:17 | Create | Villager (Male) |
| 4:28 | Create | Villager (Male) |
| 4:56 | Create | Villager (Male) |
| 5:38 | Build | House |
| 6:04 | Build | Mill |
| 6:09 | Create | Villager (Male) |
| 6:09 | Create | Villager (Male) |
| 6:09 | Create | Villager (Male) |
| 6:09 | Create | Villager (Male) |
| 6:20 | Create | Villager (Male) |
| 6:28 | Create | Villager (Male) |
| 6:29 | Create | Villager (Male) |
| 6:29 | Create | Villager (Male) |
| 6:29 | Create | Villager (Male) |
| 6:29 | Create | Villager (Male) |
| 6:57 | Create | Villager (Male) |
| 7:06 | Create | Villager (Male) |
| 7:06 | Create | Villager (Male) |
| 7:10 | Create | Villager (Male) |
| 7:32 | Create | Villager (Male) |
| 7:32 | Create | Villager (Male) |
| 7:33 | Create | Villager (Male) |
| 7:55 | Build | Mining Camp |
| 8:14 | Build | Lumber Camp |
| 8:22 | Build | Lumber Camp |
| 8:40 | Build | Farm |
| 8:40 | Build | Farm |
| 8:41 | Build | Farm |
| 8:47 | Research | Feudal Age |
| 8:50 | Create | Villager (Male) |
| 8:57 | Build | Farm |
| 9:27 | Build | House |
| 10:21 | Build | Farm |
| 10:24 | Build | Farm |
| 10:57 | Age | Feudal Age |
| 10:59 | Create | Villager (Male) |
| 10:59 | Create | Villager (Male) |
| 11:01 | Build | Market |
| 11:03 | Build | Blacksmith |
| 11:09 | Build | Farm |
| 11:26 | Build | Farm |
| 11:29 | Build | Farm |
| 11:49 | Build | Farm |
| 11:59 | Build | Farm |
| 12:08 | Create | Villager (Male) |
| 12:18 | Build | House |
| 12:22 | Create | Villager (Male) |
| 13:06 | Research | Castle Age |
| 13:06 | Research | Castle Age |
| 13:44 | Research | Double-Bit Axe |
| 13:45 | Research | Horse Collar |
| 13:45 | Research | Horse Collar |
| 13:53 | Create | Villager (Male) |
| 14:33 | Research | Wheelbarrow |
| 15:17 | Create | Villager (Male) |
| 15:24 | Create | Villager (Male) |
| 15:30 | Build | Mining Camp |
| 15:46 | Create | Villager (Male) |
| 15:46 | Age | Castle Age |
| 15:50 | Build | Town Center |
| 15:51 | Create | Villager (Male) |
| 16:09 | Build | Town Center |
| 16:11 | Create | Villager (Male) |
| 16:41 | Research | Bow Saw |
| 16:48 | Create | Villager (Male) |
| 17:09 | Create | Villager (Male) |
| 17:16 | Research | Heavy Plow |
| 17:16 | Create | Villager (Male) |
| 17:28 | Create | Villager (Male) |
| 17:30 | Create | Villager (Male) |
| 17:31 | Create | Villager (Male) |
| 17:33 | Create | Villager (Male) |
| 17:33 | Create | Villager (Male) |
| 17:44 | Create | Villager (Male) |
| 17:53 | Create | Villager (Male) |
| 18:00 | Create | Villager (Male) |
| 18:04 | Build | Farm |
| 18:05 | Build | Farm |
| 18:07 | Build | Farm |
| 18:07 | Create | Villager (Male) |
| 18:09 | Build | Farm |
| 18:13 | Create | Villager (Male) |
| 18:17 | Create | Villager (Male) |
| 18:20 | Build | Farm |
| 18:21 | Build | Farm |
| 18:25 | Build | Farm |
| 18:45 | Create | Villager (Male) |
| 18:46 | Build | Farm |
| 18:51 | Create | Villager (Male) |
| 18:57 | Create | Villager (Male) |
| 18:59 | Build | Farm |
| 19:08 | Create | Villager (Male) |
| 19:18 | Build | Town Center |
| 19:21 | Build | House |
| 19:27 | Build | House |
| 19:32 | Build | House |
| 19:40 | Create | Villager (Male) ×5 |
| 19:53 | Build | Farm |
| 19:56 | Build | House |
| 19:57 | Build | House |
| 19:58 | Build | House |
| 20:01 | Create | Villager (Male) |
| 20:04 | Build | Farm |
| 20:05 | Build | Farm |
| 20:05 | Build | Farm |
| 20:28 | Create | Villager (Male) |
| 20:35 | Research | Loom |
| 20:36 | Create | Villager (Male) |
| 20:36 | Create | Villager (Male) |
| 20:38 | Build | Farm |
| 20:38 | Build | Farm |
| 20:38 | Build | Farm |
| 20:39 | Build | Farm |
| 20:39 | Build | Farm |
| 20:39 | Build | Farm |
| 20:41 | Create | Villager (Male) |
| 20:45 | Build | Outpost |
| 20:47 | Build | Outpost |
| 20:48 | Build | Outpost |
| 20:49 | Create | Villager (Male) |
| 20:50 | Create | Villager (Male) |
| 20:50 | Create | Villager (Male) |
| 21:00 | Build | Farm |
Match timeline
| 9:42 | Fluffy Dust · age_up feudal |
| 10:06 | Jill mento · age_up feudal |
| 10:08 | No[☠]Fate · age_up feudal |
| 10:15 | [KKCK]Erdinger_CLs · age_up feudal |
| 10:34 | Fluffy Dust · first_market_sell 100 stone |
| 10:57 | hK | Jorge · age_up feudal |
| 10:57 | KH | BooMBastic_ · age_up feudal |
| 11:22 | EXILE | Gutty · age_up feudal |
| 11:27 | EXILE | Geiselgg · age_up feudal |
| 12:02 | KH | BooMBastic_ · first_market_buy 100 food |
| 12:22 | [KKCK]Erdinger_CLs · first_market_buy 100 food |
| 12:22 | [KKCK]Erdinger_CLs · first_market_sell 100 wood |
| 12:23 | KH | BooMBastic_ · first_building Barracks |
| 13:04 | hK | Jorge · first_market_buy 100 food |
| 13:05 | hK | Jorge · first_market_sell 100 wood |
| 13:15 | Fluffy Dust · age_up castle |
| 13:16 | KH | BooMBastic_ · first_building Archery Range |
| 13:18 | Fluffy Dust · first_building Siege Workshop |
| 13:37 | Jill mento · age_up castle |
| 13:57 | No[☠]Fate · age_up castle |
| 13:59 | No[☠]Fate · first_building Monastery |
| 14:52 | Jill mento · first_market_buy 100 food |
| 14:56 | KH | BooMBastic_ · age_up castle |
| 15:09 | KH | BooMBastic_ · first_building Monastery |
| 15:14 | EXILE | Gutty · age_up castle |
| 15:21 | EXILE | Geiselgg · age_up castle |
| 15:46 | hK | Jorge · age_up castle |
| 15:53 | EXILE | Gutty · first_building Barracks |
| 15:53 | Jill mento · first_building Castle |
| 15:55 | [KKCK]Erdinger_CLs · age_up castle |
| 15:56 | [KKCK]Erdinger_CLs · first_building Monastery |
| 16:10 | No[☠]Fate · first_market_sell 100 stone |
| 17:15 | EXILE | Geiselgg · first_building Monastery |
| 17:38 | KH | BooMBastic_ · first_building Siege Workshop |
| 17:49 | EXILE | Gutty · first_market_buy 500 food |
| 18:07 | KH | BooMBastic_ · first_market_sell 100 food |
| 18:54 | EXILE | Gutty · first_building Stable |
| 20:52 | EXILE | Gutty · first_building Siege Workshop |
| 21:15 | EXILE | Gutty · first_market_sell 100 wood |
| 23:08 | Jill mento · first_market_sell 100 wood |
| 23:49 | No[☠]Fate · first_market_buy 100 stone |
| 23:58 | EXILE | Gutty · first_building Monastery |
| 24:19 | EXILE | Geiselgg · first_building Barracks |
| 24:47 | hK | Jorge · first_building Castle |
| 25:47 | hK | Jorge · first_building Siege Workshop |
| 26:18 | [KKCK]Erdinger_CLs · first_building Barracks |
| 26:38 | EXILE | Geiselgg · first_building Stable |
| 27:02 | Jill mento · age_up imperial |
| 27:22 | EXILE | Geiselgg · first_building Castle |
| 27:22 | EXILE | Geiselgg · age_up imperial |
| 27:34 | [KKCK]Erdinger_CLs · first_building Archery Range |
| 28:47 | Fluffy Dust · first_building Monastery |
| 28:52 | EXILE | Geiselgg · first_market_sell 100 food |
| 29:16 | hK | Jorge · age_up imperial |
| 29:44 | Fluffy Dust · wall_segment Palisade Wall x1 |
| 30:02 | Fluffy Dust · first_building Barracks |
| 30:09 | [KKCK]Erdinger_CLs · age_up imperial |
| 30:40 | [KKCK]Erdinger_CLs · first_building Stable |
| 30:42 | No[☠]Fate · first_building Castle |
| 31:03 | Fluffy Dust · first_building Archery Range |
| 31:14 | KH | BooMBastic_ · first_building Castle |
| 31:49 | Fluffy Dust · first_market_buy 100 wood |
| 31:50 | No[☠]Fate · first_building Barracks |
| 32:28 | Jill mento · first_building Barracks |
| 32:48 | No[☠]Fate · first_building Stable |
| 33:01 | Fluffy Dust · age_up imperial |
| 33:17 | No[☠]Fate · age_up imperial |
| 33:57 | [KKCK]Erdinger_CLs · first_building Castle |
| 34:46 | EXILE | Gutty · age_up imperial |
| 35:29 | KH | BooMBastic_ · age_up imperial |
| 38:55 | Fluffy Dust · first_building Castle |
| 41:09 | hK | Jorge · wall_segment Stone Wall x1 |
| 45:42 | hK | Jorge · first_building Barracks |
| 47:32 | EXILE | Gutty · first_building Castle |
| 47:43 | No[☠]Fate · tribute_sent a jugador 1 |
| 47:43 | No[☠]Fate · tribute_sent a jugador 2 |
| 47:43 | No[☠]Fate · tribute_sent a jugador 3 |
| 47:43 | No[☠]Fate · tribute_sent a jugador 4 |
| 47:43 | No[☠]Fate · tribute_sent a jugador 6 |
| 47:43 | No[☠]Fate · tribute_sent a jugador 7 |
| 47:43 | No[☠]Fate · tribute_sent a jugador 8 |
| 47:57 | hK | Jorge · resign |
[ AI ANALYSIS · 1 CREDIT ]
What really happened in this match?
Wolo.gg analyzes every decision: build order, eco, micro, common mistakes by bracket. Personalized analysis on WhatsApp or Discord in 30 seconds.
Civ guide
Bengalis
Perfil
Jugador #8873702